 Dungeon Crawl Stone Soup version 0.31-a0-851-g7ff8af7976 (webtiles) character file.

Game seed: 13103982780671828503

303 KristoblXynda the Cutter (level 6, -3/39 HPs)
             Began as a Kobold Berserker on Oct 7, 2023.
             Was a Believer of Trog.
             Slain by a gnoll bouda
             ... wielding a +0 club
              (7 damage)
             ... on level 3 of the Dungeon.
             The game lasted 00:03:11 (2173 turns).

KristoblXynda the Cutter (Kobold Berserker)         Turns: 2173, Time: 00:03:12

Health: -3/39      AC:  4    Str: 17    XL:     6   Next: 66%
Magic:  6/6        EV: 16    Int:  8    God:    Trog [**....]
Gold:   135        SH:  0    Dex: 14    Spells: 5/5 levels left

rFire   . . .        i - +2 short sword (flame)
rCold   . . .        (no shield)
rNeg    + . .        b - +0 animal skin
rPois   .            e - +0 helmet {SInv}
rElec   .            s - +0 cloak
rCorr   .            (no gloves)
SInv    +            (no boots)
Will    .....        (no amulet)
Stlth   ++           f - ring of positive energy
HPRegen 0.26/turn    (no ring)
MPRegen 0.10/turn

%: no passive effects
@: weakened
A: small, no large weapons, nightstalker 3
a: Renounce Religion, Berserk, Trog's Hand


You were on level 3 of the Dungeon.
You worshipped Trog.
Trog was pleased with you.
You visited 1 branch of the dungeon, and saw 3 of its levels.

You collected 135 gold pieces.

Inventory:

Hand Weapons
 i - a +2 short sword of flaming (weapon)
Armour
 b - a +0 animal skin (worn)
 d - a +0 buckler
 e - a +0 helmet of see invisible (worn)
 s - a +0 cloak (worn)
Jewellery
 f - a ring of positive energy (left hand)
Scrolls
 a - 2 scrolls of teleportation {unknown}
 g - 3 scrolls of identify {unknown}
 h - a scroll of revelation {unknown}
 j - a scroll of enchant armour {unknown}
 m - a scroll of blinking {unknown}
 n - a scroll of enchant weapon {unknown}
 o - a scroll of fog {unknown}
 q - a scroll of immolation {unknown}
 r - a scroll of vulnerability {unknown}


   Skills:
 + Level 4.7 Fighting
 + Level 5.7 Short Blades
 + Level 3.0 Armour
 + Level 4.3 Dodging


You had 5 spell levels left.
You didn't know any spells.
Your spell library was empty.

Dungeon Overview and Level Annotations

Branches:
Dungeon (3/15)

Altars:


Innate Abilities, Weirdness & Mutations

You are small and have problems with some larger weapons.
You are completely attuned to the shadows.


Message History

The gnoll hits you with a +0 flail!
* * * LOW HITPOINT WARNING * * *
The gnoll bouda closely misses you.
You hit the gnoll but do no damage.
The gnoll is almost dead.
The gnoll closely misses you.
The gnoll bouda hits you but does no damage.
Unknown command.
You hit the gnoll but do no damage.
The gnoll is almost dead.
The gnoll hits you with a +0 flail.
* * * LOW HITPOINT WARNING * * *
The gnoll bouda barely misses you.
Unknown command.
You closely miss the gnoll.
The gnoll is almost dead.
Your attacks no longer feel as feeble.
Unknown command.
You closely miss the gnoll.
The gnoll is almost dead.
The gnoll closely misses you. The gnoll bouda completely misses you.
Unknown command.
You hit the gnoll. You burn the gnoll.
You kill the gnoll!
Trog accepts your kill.
The gnoll bouda hits you with a +0 club.
* * * LOW HITPOINT WARNING * * *
Unknown command.
There is a broken translucent door, spattered with blood here.
Items here: $ ) / †.
Things that are here:
a wand of charming (10); a gnoll corpse
Found a manual of Transmutations.
The gnoll shouts!
The gnoll bouda gazes fiercely through you!
You feel your attacks grow feeble.
There is a transporter here.
You enter the transporter and appear at another place.
The gnoll bouda hits you with a +0 club!
You die...

#..########.# #.##........
###..# #####.# #.###.######
####....# #.....# #.##......
#.....#.####.###.####.##.#####
#............................#
#..≈≈≈≈≈≈≈≈≈≈≈≈~≈≈≈≈≈≈≈≈≈≈≈≈.#
#..≈≈≈≈≈≈≈≈≈≈≈≈~≈≈≈≈≈≈≈≈≈≈≈≈.#
#..≈≈#####...........#####≈≈.#
#..≈≈#.#.#.###g@.###.#.#.#≈≈.#
#..≈≈#. ###.#####.###...#≈≈.#
#..≈≈## ..g........)..###≈≈.#
##.≈≈.8 .######'######)#8.≈≈.#
#.≈≈.##.#$.=#8..#.⌠.#.##.≈≈.#
#.~~.# g..:#⌠©.....'..#.~~[#
#.≈≈.# #...#8.)#.⌠.#.##.≈≈.#
#.≈≈.8 .######)######.#8.≈≈.#
#.≈≈## ....../))......###≈≈.#


You could see a gnoll bouda.

Vanquished Creatures
  The ghost of Nedwor the Slasher, an amateur MfGl (D:3)
  A hound (D:3)
  2 adders (D:3)
  7 gnolls (D:3)
  A worm (D:2)
  2 dart slugs
  4 ball pythons
  7 endoplasms
  4 giant cockroaches
  4 goblins
  4 hobgoblins
  4 jackals (D:2)
  A quokka (D:1)
  2 bats (D:1)
  A frilled lizard (D:3)
  4 kobolds
  A rat (D:2)
50 creatures vanquished.

Notes
Turn   | Place    | Note
-------+----------+-------------------------------------------
     0 | D:1      | KristoblXynda the Kobold Berserker began the quest for the
                  | Orb.
     0 | D:1      | Reached XP level 1. HP: 14/14 MP: 1/1
    41 | D:1      | HP: 1/21 [kobold/+0 whip (5)]
   161 | D:1      | Reached XP level 2. HP: 19/19 MP: 2/2
   683 | D:1      | Reached XP level 3. HP: 23/23 MP: 3/3
  1190 | D:2      | Reached ** piety under Trog
  1324 | D:3      | Reached XP level 4. HP: 29/29 MP: 4/4
  1433 | D:3      | Found a transporter.
  1793 | D:3      | Reached XP level 5. HP: 33/33 MP: 5/5
  1872 | D:3      | Reached skill level 5 in Short Blades
  2022 | D:3      | Found a transporter.
  2041 | D:3      | Noticed Nedwor's ghost (amateur MfGl)
  2089 | D:3      | Killed Nedwor's ghost
  2090 | D:3      | Reached XP level 6. HP: 29/39 MP: 6/6
  2173 | D:3      | Slain by a gnoll bouda

Illustrated notes

Levels and vault maps discovered:
D:1:      ncdulo_wetmaze, layout_rooms
D:2:      layout_basic, kennysheep_generic_room_10
D:3:      layout_loops_ring, gammafunk_ghost_gnarly_gnolls

Skill      XL: |  1  2  3  4  5 |
---------------+----------------+-----
Armour         | 2 3 |  3.0
Dodging        | 3 4 |  4.3
Fighting       | 4 |  4.7
Short Blades   | 5 |  5.7

Action                     |  1- 3 |  4- 6 || total
---------------------------+-------+-------++-------
  Melee: Short sword       |   110 |    78 ||   188
         Punch             |     1 |       ||     1
 Invoke: Berserk           |     1 |     2 ||     3
         Trog's Hand       |       |     1 ||     1
    Use: Potion            |       |     4 ||     4
   Stab: Sleeping          |    10 |       ||    10
         Invisible         |       |     2 ||     2
 Armour: Animal skin       |    33 |    28 ||    61
  Dodge: Dodged            |    67 |    50 ||   117

Table legend: (Time is in decaauts)
 A = Elapsed time spent in this place.
 B = Non-inter-level travel time spent in this place.
 C = Inter-level travel time spent in this place.
 D = Time resting spent in this place.
 E = Time spent auto-exploring this place.
 F = Levels seen in this place.
 G = Mean time per level.
                   A        B        C        D        E       F      G
               +--------+--------+--------+--------+--------+-----+--------+
         Total |   2150 |   2120 |     30 |    241 |   1458 |   3 |  716.7 |
       Dungeon |   2150 |   2120 |     30 |    241 |   1458 |   3 |  716.7 |
               +--------+--------+--------+--------+--------+-----+--------+

Top non-repeatable levels by time:
     D:3: 912 daAuts
     D:1: 777 daAuts
     D:2: 460 daAuts
